 Dungeon Crawl Stone Soup version 0.28-a0-1212-gc6b4282bc0 (webtiles) character file.

Game seed: 4025224207234340021

16943 MordorOrchid the Covert (level 12, -10/97 HPs)
             Began as a Gnoll Delver on Dec 21, 2021.
             Was the Champion of Okawaru.
             Mangled by a cyan ugly thing (15 damage)
             ... on level 11 of the Dungeon.
             The game lasted 00:40:34 (4693 turns).

MordorOrchid the Covert (Gnoll Delver)              Turns: 4693, Time: 00:40:35

Health: -10/97     AC: 15    Str: 23    XL:     12   Next: 42%
Magic:  22/22      EV: 12    Int: 17    God:    Okawaru [******]
Gold:   733        SH: 12    Dex: 14    Spells: 24/25 levels left

rFire   + . .      SeeInvis .   a - +8 scimitar of Tenacity {spect, *Noise rCorr Str+4 Int+3}
rCold   . . .      Faith    .   x - +2 kite shield
rNeg    . . .      Spirit   .   l - +4 scale mail of Moral Flaws {rPois rF+}
rPois   +          Reflect  .   (no helmet)
rElec   .          Harm     .   (no cloak)
rCorr   +          Rampage  +   M - +1 pair of gloves of the Shoals {Rampage rF+ rC- Str+7}
Will    .....                   p - +0 pair of boots
Stlth   ++++......              (no amulet)
HPRegen 0.26/turn               m - ring of resist corrosion
MPRegen 0.18/turn               I - ring of ice

@: no status effects
A: fangs 1, strong nose, distributed training
a: Renounce Religion, Heroism, Finesse, Duel


You were on level 11 of the Dungeon.
You worshipped Okawaru.
Okawaru was exalted by your worship.
You visited 1 branch of the dungeon, and saw 8 of its levels.

You collected 733 gold pieces.

Inventory:

Hand Weapons
 a - the +8 scimitar of Tenacity (weapon) {spect, *Noise rCorr Str+4 Int+3}
   (You found it on level 5 of the Dungeon)

   When its wielder attacks, the weapon's spirit leaps out and strikes again.
   The spirit shares a part of any damage it takes with its wielder.
   Str:       It affects your strength (+4).
   Int:       It affects your intelligence (+3).
   *Noise:    It may make noises in combat.
   rCorr:     It protects you from acid and corrosion.
 j - a +2 hunting sling of freezing
 y - the +8 arc blade {discharge, rElec}
   (You found it on level 9 of the Dungeon)

   It occasionally unleashes powerful arcs of lightning upon striking a foe.
   These may arc to other adjacent creatures (including the wielder, but dealing
   reduced damage to them) before grounding out.
   rElec:     It insulates you from electricity.
 T - a +0 scimitar of flaming
Missiles
 k - 84 stones
 s - 21 poisoned darts (quivered)
 K - 67 bolts
 L - 52 sling bullets
 O - 8 boomerangs
 R - 4 silver javelins
 U - a curare-tipped dart
 Z - 3 atropa-tipped darts
Armour
 i - a +2 ring mail of willpower
 l - the +4 scale mail of Moral Flaws (worn) {rPois rF+}
   (You found it on level 4 of the Dungeon)

   rF:        It protects you from fire.
   rPois:     It protects you from poison.
 p - a +0 pair of boots (worn)
 t - a +0 troll leather armour
 x - a +2 kite shield (worn)
 D - the +3 robe of Autotheism {rElec}
   (You found it on level 8 of the Dungeon)

   rElec:     It insulates you from electricity.
 M - the +1 pair of gloves of the Shoals (worn) {Rampage rF+ rC- Str+7}
   (You found it on level 8 of the Dungeon)

   Str:       It affects your strength (+7).
   rF:        It protects you from fire.
   rC:        It makes you vulnerable to cold.
   Rampage:   It bestows one free step when moving towards enemies.
 Q - +0 steam dragon scales
Magical Staves
 o - a staff of earth
Jewellery
 m - a ring of resist corrosion (left hand)
 I - a ring of ice (right hand)
 Y - a ring of flight
Wands
 g - a wand of digging (8)
 w - a wand of iceblast (5)
 E - a wand of polymorph (8)
 G - a wand of paralysis (11)
 P - a wand of mindburst (9)
Scrolls
 b - a scroll of noise
 c - 8 scrolls of fog
 d - a scroll of magic mapping
 e - 2 scrolls of fear
 n - a scroll of teleportation
 q - a scroll of blinking
 r - 2 scrolls of vulnerability
 u - a scroll of amnesia
 C - a scroll of enchant armour
 F - 3 scrolls of enchant weapon
 N - a scroll of immolation
 X - 2 scrolls of identify
Potions
 f - 2 potions of haste
 h - a potion of flight
 v - a potion of degeneration
 z - a potion of attraction
 A - 3 potions of lignification
 B - 3 potions of curing
 H - a potion of invisibility
 J - 4 potions of mutation
 S - a potion of resistance
 V - a potion of ambrosia


   Skills:
 + Level 9.9 Fighting
 + Level 7.3 Short Blades
 + Level 8.7 Long Blades
 + Level 7.3 Axes
 + Level 7.3 Maces & Flails
 + Level 7.3 Polearms
 + Level 7.3 Staves
 + Level 7.3 Slings
 + Level 7.3 Bows
 + Level 7.3 Crossbows
 + Level 7.3 Throwing
 + Level 7.3 Armour
 + Level 8.7 Dodging
 + Level 11.9 Stealth
 + Level 7.3 Shields
 + Level 7.3 Unarmed Combat
 + Level 7.3 Spellcasting
 + Level 6.0 Conjurations
 + Level 6.0 Hexes
 + Level 6.0 Summonings
 + Level 6.0 Necromancy
 + Level 6.0 Translocations
 + Level 6.0 Transmutations
 + Level 6.0 Fire Magic
 + Level 6.0 Ice Magic
 + Level 6.0 Air Magic
 + Level 6.0 Earth Magic
 + Level 6.0 Poison Magic
 + Level 8.0 Invocations
 + Level 7.3 Evocations


You had 24 spell levels left.
You knew the following spells:

 Your Spells              Type           Power      Damage    Failure   Level
z - Apportation           Tloc           52%        N/A       6%          1

Your spell library contained the following spells:

 Spells                   Type           Power      Damage    Failure   Level
 Dazzling Flash           Conj/Hex       52%        N/A       17%         3
 Petrify                  Tmut/Erth      26%        N/A       50%         4
 Agony                    Necr           26%        N/A       85%         5
 Metabolic Englaciation   Hex/Ice        20%        N/A       85%         5
 Silence                  Hex/Air        13%        N/A       85%         5
 Eringya's Noxious Bog    Tmut/Pois      13%        N/A       100%        6
 Statue Form              Tmut/Erth      17%        N/A       100%        6
 Borgnjor's Revivificati  Necr           13%        N/A       100%        8
 Necromutation            Tmut/Necr      13%        N/A       100%        8
 Death's Door             Necr           13%        N/A       100%        9
 Animate Skeleton         Necr           Unusable   N/A       N/A         1
 Summon Small Mammal      Summ           Unusable   N/A       N/A         1
 Summon Forest            Summ/Tloc      Unusable   N/A       N/A         5
 Summon Hydra             Summ           Unusable   N/A       N/A         7

Dungeon Overview and Level Annotations

Branches:
Dungeon (11/15)            Temple (0/1) D:6            Lair (0/6) D:11
    Orc (0/2) D:9

Altars:
Dithmenos
Okawaru
Sif Muna
Wu Jian
Yredelemnul
The Shining One

Shops:
D:6 *


Innate Abilities, Weirdness & Mutations

You have very sharp teeth.
Your uncanny sense of smell can sniff out nearby items.
Your experience applies equally to all skills.


Message History

You close the door.
You start resting.
A cyan ugly thing comes into view.
The salamander changes into a harpy!
The harpy screeches!
You slash the harpy!
The harpy is moderately wounded.
Your +8 scimitar of Tenacity {spect, *Noise rCorr Str+4 Int+3} hits the harpy!!
The harpy claws your +8 scimitar of Tenacity {spect, *Noise rCorr Str+4 Int+3}!
Your spectral weapon shares its damage with you!
The harpy barely misses your +8 scimitar of Tenacity {spect, *Noise rCorr Str+4 Int+3}.
You swing at nothing.
You swing at nothing.
The harpy changes into a shapeshifter!
You swing at nothing.
The shapeshifter changes into a spriggan!
There is an open door, spattered with blood here.
The spriggan shouts!
You slash the spriggan!
The spriggan is almost dead.
You block the spriggan's attack.
You hit the spriggan.
You kill the spriggan!
Okawaru accepts your kill.
Aiming: Paralyse
Press: ? - help, Shift-Dir - straight line, f - cyan ugly thing
Aim: a cyan ugly thing (chance to affect: 50%)
The cyan ugly thing resists with some effort.
A freezing wraith comes into view.
The cyan ugly thing kicks you!
* * * LOW HITPOINT WARNING * * *
The cyan ugly thing shocks you!
* * * LOW HITPOINT WARNING * * *
Aiming: Paralyse
Press: ? - help, Shift-Dir - straight line, f/p - cyan ugly thing
Aim: a cyan ugly thing (chance to affect: 50%)
The cyan ugly thing resists with some effort.
The cyan ugly thing kicks you!
* * * LOW HITPOINT WARNING * * *
The cyan ugly thing shocks you!
You die...

#.##.## #
#.##.##.##.##∆
#....).......
######
#.##.##.##.##
#..... ####W## # ∆
#..... #...# ∆ ∆
##..... ##(##
##......
#u##########..#####
#.@........).##
##############


You could see a cyan ugly thing and a freezing wraith.

Vanquished Creatures
  A rakshasa (D:11)
  A boulder beetle (D:11)
  Erica (D:9)
  A tengu warrior (D:11)
  4 lindwurms (D:9)
  An orc knight (D:11)
  An ugly thing (D:11)
  A deep elf pyromancer (D:10)
  A cyclops (D:11)
  A manticore (D:8)
  Joseph (D:8)
  Psyche (D:9)
  Maggie (D:9)
  A freezing wraith (D:11)
  A kobold demonologist (D:10)
  2 komodo dragons
  2 trolls
  Prince Ribbit (D:9)
  A slime creature (D:11)
  2 centaur simulacra
  A vampire (D:10)
  A spriggan (shapeshifter) (D:11)
  A wyvern (D:8)
  A shadow (D:11)
  18 yaks
  3 wargs (D:11)
  A water moccasin (D:6)
  2 necrophages
  3 orc warriors
  2 black bears
  A sky beast (D:6)
  4 centaurs
  2 ogres
  2 kobold brigands
  3 bullfrogs
  2 gnoll sergeants (D:8)
  A scorpion (D:5)
  A wyvern skeleton (D:7)
  8 killer bees
  3 electric eels (D:11)
  2 howler monkeys
  A bullfrog zombie (D:5)
  A jelly (D:5)
  4 centaur zombies
  4 hounds
  A centaur skeleton (D:7)
  7 orc priests
  2 scorpion zombies (D:5)
  An iguana (D:5)
  8 orc wizards
  A howler monkey zombie (D:9)
  4 gnolls (D:8)
  A howler monkey skeleton (D:7)
  5 adders
  A shadow imp (D:5)
  2 ufetubi
  An adder skeleton (D:4)
  40 orcs
  2 endoplasms (D:4)
  2 giant cockroaches (D:4)
  A goblin (D:4)
  3 jackals (D:5)
  2 quokkas (D:4)
  2 ball pythons (D:4)
  8 kobolds
192 creatures vanquished.

Vanquished Creatures (others)
  19 plants (D:8)
19 creatures vanquished.

Grand Total: 211 creatures vanquished

Notes
Turn   | Place    | Note
-------+----------+-------------------------------------------
     0 | D:5      | Reached skill level 9 in Stealth
     0 | D:5      | MordorOrchid the Gnoll Delver began the quest for the Orb.
     0 | D:5      | Reached XP level 1. HP: 23/23 MP: 1/1
    10 | D:4      | Noticed a howler monkey
    24 | D:4      | Reached XP level 2. HP: 24/29 MP: 2/2
    45 | D:4      | Killed a howler monkey
    46 | D:4      | Reached skill level 1 in Invocations
    46 | D:4      | Reached XP level 3. HP: 30/35 MP: 2/4
   108 | D:4      | Noticed an ogre
   139 | D:4      | Killed an ogre
   140 | D:4      | Reached skill level 1 in Short Blades
   140 | D:4      | Reached skill level 1 in Axes
   140 | D:4      | Reached skill level 1 in Maces & Flails
   140 | D:4      | Reached skill level 1 in Polearms
   140 | D:4      | Reached skill level 1 in Staves
   140 | D:4      | Reached skill level 1 in Slings
   140 | D:4      | Reached skill level 1 in Bows
   140 | D:4      | Reached skill level 1 in Crossbows
   140 | D:4      | Reached skill level 1 in Throwing
   140 | D:4      | Reached skill level 1 in Armour
   140 | D:4      | Reached skill level 1 in Shields
   140 | D:4      | Reached skill level 1 in Unarmed Combat
   140 | D:4      | Reached skill level 1 in Spellcasting
   140 | D:4      | Reached skill level 1 in Conjurations
   140 | D:4      | Reached skill level 1 in Hexes
   140 | D:4      | Reached skill level 1 in Summonings
   140 | D:4      | Reached skill level 1 in Necromancy
   140 | D:4      | Reached skill level 1 in Translocations
   140 | D:4      | Reached skill level 1 in Transmutations
   140 | D:4      | Reached skill level 1 in Fire Magic
   140 | D:4      | Reached skill level 1 in Ice Magic
   140 | D:4      | Reached skill level 1 in Air Magic
   140 | D:4      | Reached skill level 1 in Earth Magic
   140 | D:4      | Reached skill level 1 in Poison Magic
   140 | D:4      | Reached skill level 1 in Evocations
   140 | D:4      | Reached XP level 4. HP: 41/41 MP: 4/6
   140 | D:4      | Reached XP level 5. HP: 47/47 MP: 4/7
   183 | D:4      | Identified the +4 scale mail of Moral Flaws {rPois rF+}
   273 | D:4      | Noticed a black bear
   427 | D:5      | Identified the +8 scimitar of Tenacity {spect, *Noise rCorr
                  | Str+4 Int+3}
   441 | D:5      | Reached XP level 6. HP: 30/53 MP: 8/8
   527 | D:5      | Found a glowing golden altar of the Shining One.
   537 | D:5      | Reached skill level 5 in Long Blades
   537 | D:5      | Reached skill level 5 in Dodging
   589 | D:5      | Noticed a troll
   593 | D:5      | Killed a troll
   594 | D:5      | Reached XP level 7. HP: 42/60 MP: 10/10
   824 | D:5      | Reached skill level 10 in Stealth
   945 | D:5      | Found an iron altar of Okawaru.
   948 | D:5      | Became a worshipper of Warmaster Okawaru
  1092 | D:6      | Reached XP level 8. HP: 67/67 MP: 12/12
  1179 | D:6      | Reached * piety under Okawaru
  1281 | D:6      | Found a staircase to the Ecumenical Temple.
  1371 | D:6      | Found a shadowy altar of Dithmenos.
  1424 | D:6      | Found Daishonewo's Desiderata Depot.
  1605 | D:7      | Found a shimmering blue altar of Sif Muna.
  1697 | D:7      | Reached XP level 9. HP: 70/73 MP: 14/14
  1868 | D:7      | Reached ** piety under Okawaru
  1954 | D:7      | Learned a level 1 spell: Apportation
  2087 | D:8      | Identified the +3 robe of Autotheism {rElec}
  2092 | D:8      | Noticed a manticore
  2100 | D:8      | Killed a manticore
  2146 | D:8      | Noticed Joseph
  2209 | D:8      | Killed Joseph
  2209 | D:8      | Reached *** piety under Okawaru
  2210 | D:8      | Reached skill level 5 in Invocations
  2224 | D:8      | Received a gift from Okawaru
  2368 | D:8      | Reached XP level 10. HP: 27/80 MP: 17/17
  2408 | D:8      | Identified the +1 pair of gloves of the Shoals {Rampage rF+
                  | rC- Str+7}
  2524 | D:9      | Reached **** piety under Okawaru
  2525 | D:9      | Reached skill level 5 in Short Blades
  2525 | D:9      | Reached skill level 5 in Axes
  2525 | D:9      | Reached skill level 5 in Maces & Flails
  2525 | D:9      | Reached skill level 5 in Polearms
  2525 | D:9      | Reached skill level 5 in Staves
  2525 | D:9      | Reached skill level 5 in Slings
  2525 | D:9      | Reached skill level 5 in Bows
  2525 | D:9      | Reached skill level 5 in Crossbows
  2525 | D:9      | Reached skill level 5 in Throwing
  2525 | D:9      | Reached skill level 5 in Armour
  2525 | D:9      | Reached skill level 5 in Shields
  2525 | D:9      | Reached skill level 5 in Unarmed Combat
  2525 | D:9      | Reached skill level 5 in Spellcasting
  2525 | D:9      | Reached skill level 5 in Evocations
  2652 | D:9      | Noticed Maggie
  2658 | D:9      | Killed Maggie
  2672 | D:9      | Received a gift from Okawaru
  2676 | D:9      | Reached skill level 11 in Stealth
  2682 | D:9      | Noticed a lindwurm
  2690 | D:9      | Noticed a lindwurm
  2695 | D:9      | Noticed a lindwurm
  2697 | D:9      | Noticed a lindwurm
  2705 | D:9      | Noticed Psyche
  2714 | D:9      | Killed Psyche
  2717 | D:9      | Reached ***** piety under Okawaru
  2727 | D:9      | Received a gift from Okawaru
  2843 | D:9      | Found a staircase to the Orcish Mines.
  2896 | D:9      | Noticed Erica
  2896 | D:9      | Noticed Prince Ribbit
  2897 | D:9      | Found an ornate altar of the Wu Jian Council.
  2930 | D:9      | Killed Erica
  2932 | D:9      | Killed Prince Ribbit
  2933 | D:9      | Reached XP level 11. HP: 54/87 MP: 19/19
  3066 | D:9      | Killed a lindwurm
  3085 | D:9      | Killed a lindwurm
  3086 | D:9      | Reached skill level 5 in Conjurations
  3086 | D:9      | Reached skill level 5 in Hexes
  3086 | D:9      | Reached skill level 5 in Summonings
  3086 | D:9      | Reached skill level 5 in Necromancy
  3086 | D:9      | Reached skill level 5 in Translocations
  3086 | D:9      | Reached skill level 5 in Transmutations
  3086 | D:9      | Reached skill level 5 in Fire Magic
  3086 | D:9      | Reached skill level 5 in Ice Magic
  3086 | D:9      | Reached skill level 5 in Air Magic
  3086 | D:9      | Reached skill level 5 in Earth Magic
  3086 | D:9      | Reached skill level 5 in Poison Magic
  3108 | D:9      | Killed a lindwurm
  3164 | D:9      | Killed a lindwurm
  3164 | D:9      | Received a gift from Okawaru
  3168 | D:9      | Found the +8 arc blade {discharge, rElec}
  3248 | D:10     | Entered Level 10 of the Dungeon
  3248 | D:10     | Found a basalt altar of Yredelemnul.
  3340 | D:10     | Received a gift from Okawaru
  3484 | D:10     | Reached ****** piety under Okawaru
  3618 | D:10     | Noticed a deep elf pyromancer
  3734 | D:10     | Killed a deep elf pyromancer
  3734 | D:10     | Received a gift from Okawaru
  4047 | D:11     | Found a staircase to the Lair.
  4072 | D:11     | Noticed a boulder beetle
  4091 | D:11     | Killed a boulder beetle
  4292 | D:11     | Reached XP level 12. HP: 54/96 MP: 22/22
  4432 | D:11     | Received a gift from Okawaru
  4442 | D:11     | Noticed a rakshasa
  4446 | D:11     | Killed a rakshasa
  4534 | D:11     | Noticed a tengu warrior
  4544 | D:11     | Killed a tengu warrior
  4693 | D:11     | Mangled by a cyan ugly thing

Illustrated notes

Levels and vault maps discovered:
D:4:      layout_basic, grunt_tough_drop
D:5:      layout_rooms, nicolae_tso_carved_into_rock, mainiacjoe_overflow_swirl,
          eino_tiny_chamber
D:6:      layout_layer_cave, nicolae_dithmenos_shadow_blocks,
          minmay_temple_entry_from_below_a, nicolae_alphabet_shops
D:7:      layout_loops_ring, lemuel_crystal_altar
D:8:      layout_rooms, st_stairs_3, minmay_misc_feat_plants,
          nicolae_grassy_gnolls, uniq_joseph
D:9:      layout_rooms, amcnicky_altar_gilded, hiddenorc1_lemuel,
          minmay_lindwurm_lava, uniq_prince_ribbit1, uniq_erica, uniq_psyche,
          uniq_maggie
D:10:     layout_long_grid, yredelemnul_altar_generic
D:11:     hangedman_cross_veins, layout_basic, erik_lair_orcish_takeover,
          grunt_ministairs_1

Skill      XL: |  1  2  3  4  5  6  7  8  9 10 11 12 |
---------------+-------------------------------------+-----
Stealth        | 10 11 | 11.9
Invocations    | 1 2 3 4 5 6 7 8 |  8.0
Short Blades   | 1 2 3 4 5 6 7 |  7.3
Axes           | 1 2 3 4 5 6 7 |  7.3
Maces & Flails | 1 2 3 4 5 6 7 |  7.3
Polearms       | 1 2 3 4 5 6 7 |  7.3
Staves         | 1 2 3 4 5 6 7 |  7.3
Slings         | 1 2 3 4 5 6 7 |  7.3
Bows           | 1 2 3 4 5 6 7 |  7.3
Crossbows      | 1 2 3 4 5 6 7 |  7.3
Throwing       | 1 2 3 4 5 6 7 |  7.3
Armour         | 1 2 3 4 5 6 7 |  7.3
Shields        | 1 2 3 4 5 6 7 |  7.3
Unarmed Combat | 1 2 3 4 5 6 7 |  7.3
Spellcasting   | 1 2 3 4 5 6 7 |  7.3
Conjurations   | 1 2 3 4 5 6 |  6.0
Hexes          | 1 2 3 4 5 6 |  6.0
Summonings     | 1 2 3 4 5 6 |  6.0
Necromancy     | 1 2 3 4 5 6 |  6.0
Translocations | 1 2 3 4 5 6 |  6.0
Transmutations | 1 2 3 4 5 6 |  6.0
Fire Magic     | 1 2 3 4 5 6 |  6.0
Ice Magic      | 1 2 3 4 5 6 |  6.0
Air Magic      | 1 2 3 4 5 6 |  6.0
Earth Magic    | 1 2 3 4 5 6 |  6.0
Poison Magic   | 1 2 3 4 5 6 |  6.0
Evocations     | 1 2 3 4 5 6 7 |  7.3
Long Blades    | 5 6 7 8 |  8.7
Dodging        | 5 6 7 8 |  8.7
Fighting       | 7 8 9 |  9.9

Action                   |  1- 3 |  4- 6 |  7- 9 | 10-12 || total
-------------------------+-------+-------+-------+-------++-------
Melee: Falchion          |    21 |    81 |       |       ||   102
       Bite              |     1 |     8 |    12 |    29 ||    50
       Scimitar          |       |     9 |   115 |   175 ||   299
 Fire: Hunting sling     |       |       |    29 |   154 ||   183
Throw: Stone             |       |    10 |     3 |       ||    13
       Dart              |       |       |       |    22 ||    22
 Cast: Apportation       |       |       |       |     9 ||     9
Evoke: Wand              |     3 |       |       |     6 ||     9
  Use: Scroll            |       |       |     8 |     9 ||    17
       Potion            |       |       |       |     2 ||     2
 Stab: Sleeping          |     2 |     1 |     4 |     1 ||     8
       Paralysed         |     4 |       |       |     3 ||     7
       Distracted        |       |       |       |     1 ||     1
Armor: Leather armour    |     3 |     5 |       |       ||     8
       Scale mail        |       |    45 |    43 |    34 ||   122
       Skin              |       |       |       |     8 ||     8
Dodge: Dodged            |    12 |    51 |    46 |    37 ||   146
Block: Kite shield       |       |     4 |    77 |    58 ||   139

Table legend: (Time is in decaauts)
 A = Elapsed time spent in this place.
 B = Non-inter-level travel time spent in this place.
 C = Inter-level travel time spent in this place.
 D = Time resting spent in this place.
 E = Time spent auto-exploring this place.
 F = Levels seen in this place.
 G = Mean time per level.
                   A        B        C        D        E       F      G
               +--------+--------+--------+--------+--------+-----+--------+
         Total |   4770 |   4315 |    455 |    143 |      0 |   8 |  596.2 |
       Dungeon |   4770 |   4315 |    455 |    143 |      0 |   8 |  596.2 |
               +--------+--------+--------+--------+--------+-----+--------+

Top non-repeatable levels by time:
    D:11: 829 daAuts
     D:9: 796 daAuts
     D:5: 659 daAuts
    D:10: 623 daAuts
     D:6: 523 daAuts
     D:8: 496 daAuts
     D:7: 452 daAuts
     D:4: 391 daAuts
